 Dungeon Crawl Stone Soup version 0.31-a0-986-g5e6e4ef867 (webtiles) character file.

Game seed: 15997066368614773834

63 Dittersdorf the Shield-Bearer (level 4, -11/52 HPs)
             Began as a Human Fighter on Nov 7, 2023.
             Killed by nerve-wracking pain
             ... invoked by Grinder
              (14 damage)
             ... on level 3 of the Dungeon.
             The game lasted 00:02:05 (1612 turns).

Dittersdorf the Shield-Bearer (Human Fighter)       Turns: 1612, Time: 00:02:05

Health: -11/52     AC:  9    Str: 25    XL:     4   Next: 31%
Magic:  4/4        EV:  9    Int:  6    God:
Gold:   92         SH:  4    Dex: 12    Spells: 3/3 levels left

rFire   . . .        l - +5 whip "Veimnori" {freeze, rC+ Str+6 Int-2}
rCold   + . .        c - +0 buckler
rNeg    . . .        b - +0 scale mail
rPois   .            (no helmet)
rElec   .            n - +0 cloak
rCorr   .            f - +0 pair of gloves
SInv    +            (no boots)
Will    .....        (no amulet) Stlth
                     k - ring of wizardry
HPRegen 0.28/turn    q - ring of see invisible
MPRegen 0.09/turn

%: wizardry (x1)
@: berserking, very quick
A: no striking features
a: no special abilities


You were on level 3 of the Dungeon.
You visited 1 branch of the dungeon, and saw 3 of its levels.

You collected 92 gold pieces.

Inventory:

Hand Weapons
 a - a +0 long sword
 l - the +5 whip "Veimnori" (weapon) {freeze, rC+ Str+6 Int-2}
   (You found it on level 2 of the Dungeon)

   Str+6:     It affects your strength (+6).
   Int-2:     It affects your intelligence (-2).
   rC+:       It protects you from cold.
Armour
 b - a +0 scale mail (worn)
 c - a +0 buckler (worn)
 f - a +0 pair of gloves (worn)
 n - a +0 cloak (worn)
Jewellery
 k - a ring of wizardry (left hand)
 q - a ring of see invisible (right hand)
Scrolls
 e - a scroll of brand weapon {unknown}
 g - 2 scrolls of identify {unknown}
 i - a scroll of revelation {unknown}
 p - a scroll of amnesia {unknown}
Potions
 d - a potion of might
 j - a potion of curing {unknown}
 m - a potion of attraction {unknown}
 o - 2 potions of heal wounds {unknown}
 r - a potion of invisibility {unknown}


   Skills:
 + Level 3.4 Fighting
 - Level 2.5 Long Blades
 + Level 0.3 Maces & Flails
 + Level 3.5 Armour
 + Level 3.6 Shields


You had 3 spell levels left.
You didn't know any spells.
Your spell library contained the following spells:

 Spells                   Type           Power      Damage    Failure   Level
 Kiss of Death            Conj/Necr      0%         2d5       45%         1
 Cigotuvi's Dreadful Rot  Necr/Pois/Air  0%         N/A       61%         2
 Confusing Touch          Hex            0%         N/A       82%         3
 Ignite Poison            Fire/Tmut/Pois 0%         N/A       82%         3
 Dispel Undead            Necr           0%         3d6       99%         4
 Freezing Cloud           Conj/Ice/Air   0%         6-21      100%        5


Dungeon Overview and Level Annotations

Branches:
Dungeon (3/15)

Altars:

Annotations:
D:3 Grinder


Message History

The ufetubus hits you but does no damage.
The ufetubus barely misses you. You block the ufetubus's attack.
The ufetubus attacks as it pursues you! The ufetubus barely misses you.
The ufetubus hits you but does no damage.
The ufetubus closely misses you. You block the ufetubus's attack.
You closely miss the ufetubus.
The ufetubus is severely wounded.
You whack Grinder!
Grinder is moderately wounded.
Grinder closely misses you.
You barely miss Grinder.
Grinder is moderately wounded.
Grinder barely misses you.
You hit Grinder but do no damage.
Grinder is moderately wounded.
Grinder barely misses you.
You barely miss Grinder.
Grinder is moderately wounded.
Grinder gestures at you.
You suddenly lose the ability to move!
Grinder hits you.
You writhe in agony.
Grinder gestures at you. Pain shoots through your body!
* * * LOW HITPOINT WARNING * * *
Grinder hits you.
* * * LOW HITPOINT WARNING * * *
You writhe in agony.
* * * LOW HITPOINT WARNING * * *
You can move again.
It was a potion of berserk rage.
A red film seems to cover your vision as you go berserk!
You feel yourself moving faster!
You feel mighty! Grinder gestures at you. You resist with significant effort.
You whack Grinder!
Grinder is heavily wounded.
Grinder gestures at you. Pain shoots through your body!
You die...
Grinder says, "Now the real fun starts!"

. #...########.### ..
#...#........# # ...
#...########## ... #...# ####
#.. #...# #..# #...######
#...# #####..## #....†...#
#...# #......†.
#........###.#### #......#.
#.......55@.....# ########.
#.......#####.###.# #.......
#.......# #.###.# #.######
........#####..##.# #.#....#
.....?..........#.####.#.....
................'......#..(..
#..............#..#####.....
(.........#>.# ......
..........#### ######


You could see Grinder and an ufetubus.

Vanquished Creatures
  An adder (D:2)
  An ufetubus (D:3)
  A dart slug (D:1)
  2 worms (D:2)
  5 ball pythons
  2 bats
  2 endoplasms
  7 giant cockroaches
  3 goblins
  4 hobgoblins
  4 kobolds (D:1)
  3 frilled lizards
  5 rats
40 creatures vanquished.

Notes
Turn   | Place    | Note
-------+----------+-------------------------------------------
     0 | D:1      | Dittersdorf the Human Fighter began the quest for the Orb.
     0 | D:1      | Reached XP level 1. HP: 18/18 MP: 1/1
   207 | D:1      | Reached XP level 2. HP: 23/24 MP: 2/2
   594 | D:1      | Reached XP level 3. HP: 27/29 MP: 3/3
  1122 | D:2      | Identified the +5 whip "Veimnori" {freeze, rC+ Str+6 Int-2}
  1195 | D:2      | Reached XP level 4. HP: 34/35 MP: 4/4
  1588 | D:3      | Noticed Grinder
  1591 | D:3      | Paralysed by Grinder for 2 turns
  1607 | D:3      | Paralysed by Grinder for 4 turns
  1610 | D:3      | HP: 1/35 [Grinder (1)]
  1612 | D:3      | Killed from afar by Grinder

Illustrated notes

Levels and vault maps discovered:
D:1:      eino_arrival_tree_alley, layout_loops_cross, serial_glass,
          glass_columns_a, glass_columns_a, due_unseen_surprise,
          chequers_serial_rivers_large_a
D:2:      layout_rooms, mrwooster_statue_mirror
D:3:      layout_basic, yredelemnul_forgotten_temple_becter,
          serial_co_window_serial, co_window_paths_a, co_window_paths_b,
          co_window_of_opportunity_a, co_window_corner_a,
          co_window_of_opportunity_a, co_window_2corner, co_window_broadway_c,
          co_window_broadway_c, co_window_corner_ca, co_window_corner_b,
          co_window_unsneaky_path_a, co_window_of_opportunity_c,
          glass_columns_c, glass_columns_a, glass_columns_c, uniq_grinder

Action                     |  1- 3 |  4- 6 || total
---------------------------+-------+-------++-------
  Melee: Long sword        |   117 |       ||   117
         Whip              |     9 |    26 ||    35
    Use: Potion            |       |     1 ||     1
 Armour: Scale mail        |    70 |    58 ||   128
  Dodge: Dodged            |    64 |    36 ||   100
  Block: Buckler           |    23 |     8 ||    31

Table legend: (Time is in decaauts)
 A = Elapsed time spent in this place.
 B = Non-inter-level travel time spent in this place.
 C = Inter-level travel time spent in this place.
 D = Time resting spent in this place.
 E = Time spent auto-exploring this place.
 F = Levels seen in this place.
 G = Mean time per level.
                   A        B        C        D        E       F      G
               +--------+--------+--------+--------+--------+-----+--------+
         Total |   1660 |   1613 |     47 |      0 |   1249 |   3 |  553.3 |
       Dungeon |   1660 |   1613 |     47 |      0 |   1249 |   3 |  553.3 |
               +--------+--------+--------+--------+--------+-----+--------+

Top non-repeatable levels by time:
     D:1: 897 daAuts
     D:2: 546 daAuts
     D:3: 216 daAuts
